 Dungeon Sprint DCSS version 0.25-a0-435-g4b9beb1024 (webtiles) character file.

Game seed: 9956186370464158899, levelgen mode: deterministic

16 Baz the Firebug (level 2, 0/20 HPs)
             Began as a Draconian Fire Elementalist on Jan 29, 2020.
             Was a Follower of Vehumet.
             Slain by a quasit (1 damage)
             ... in the Dungeon (Sprint V: "Ziggurat Sprint").
             The game lasted 00:02:14 (211 turns).

Baz the Firebug (Draconian Fire Elementalist)        Turns: 211, Time: 00:02:15

Health: 0/20       AC:  4    Str: 10      XL:     2   Next: 41%
Magic:  7/13       EV: 12    Int: 33      God:    Vehumet [*.....]
Gold:   0          SH:  0    Dex:  8 (11) Spells: 8/9 levels left

rFire    . . .     SeeInvis .   I - +6 Majin-Bo {vamp, Archmagi MP+6 Int+6}
rCold    . . .     Gourm    +   (shield currently unavailable)
rNeg     . . .     Faith    .   (armour unavailable)
rPois    .         Spirit   .   (helmet restricted)
rElec    .         Reflect  .   (no cloak)
rCorr    .         Harm     .   (no gloves)
MR       .....     NoTele   +   (no boots)
Stlth    ++........             n - amulet of the gourmand
HPRegen  0.06/turn              z - +6 ring of intelligence
MPRegen  0.13/turn              A - +6 ring of intelligence

@: no status effects
A: unfitting armour, cold-blooded, AC +4
a: Renounce Religion


You were in the Dungeon.
You worshipped Vehumet.
Vehumet was aware of your devotion.
You were not hungry.

You visited 1 branch

Inventory:

Hand Weapons
 I - the +6 Majin-Bo (weapon) {vamp, Archmagi MP+6 Int+6}
   (You found it in the Dungeon)

   It inflicts no extra harm, but heals its wielder when it wounds a living foe.
   It affects your intelligence (+6).
   It affects your magic capacity (+6).
 J - a +5 quick blade
 L - the +6 shillelagh "Devastator" {shatter}
   (You found it in the Dungeon)
Armour
 a - a +3 buckler
 i - a +3 large shield
 j - a +3 shield
 K - the +18 shield of the Gong {rElec rN+ MR+ EV-5}
   (You found it in the Dungeon)

   It affects your evasion (-5).
   It insulates you from electricity.
   It protects you from negative energy.
   It affects your resistance to hostile enchantments.
   If you switch to wearing this armour, your AC will rise 0 points (4 -> 4)
Magical Staves
 G - an uncursed staff of energy
Jewellery
 n - an amulet of the gourmand (around neck)
 w - an uncursed ring of flight
 x - a +6 ring of dexterity
 y - a +6 ring of dexterity
 z - a +6 ring of intelligence (left hand)
 A - a +6 ring of intelligence (right hand)
 B - a +6 ring of strength
 C - a +6 ring of strength
Wands
 D - a wand of disintegration (7)
 E - a wand of iceblast (7)
 F - a wand of acid (7)
Scrolls
 h - 4 scrolls of blinking
 q - 4 scrolls of amnesia
 r - 7 scrolls of fog
 s - a scroll of holy word
 t - 5 scrolls of identify
 u - 5 scrolls of remove curse
 v - 2 scrolls of fear
Potions
 c - 10 potions of curing
 d - 9 potions of heal wounds
 e - 6 potions of haste
 f - 7 potions of magic
 g - 3 potions of berserk rage
 k - 2 potions of brilliance
 l - 2 potions of invisibility
 m - 4 potions of resistance
 o - 5 potions of agility
 p - 5 potions of might
Miscellaneous
 H - a crystal ball of energy
Comestibles
 b - 7 rations


   Skills:
 - Level 1.7 Dodging
 - Level 1.7 Stealth
 + Level 0.6 Shields
 + Level 4.4 Spellcasting
 + Level 4.4 Conjurations
 + Level 5.3 Fire Magic


You had 8 spell levels left.
You knew the following spells:

 Your Spells              Type           Power        Failure   Level  Hunger
a - Foxfire               Conj/Fire      ####         1%          1    None

Your spell library contained the following spells:

 Spells                   Type           Power        Failure   Level  Hunger
 Magic Dart               Conj           ####         1%          1    None
 Conjure Flame            Conj/Fire      ######..     1%          3    #......
 Inner Flame              Hex/Fire       #####...     4%          3    #......
 Sticky Flame             Conj/Fire      ######..     7%          4    ###....
 Fireball                 Conj/Fire      ######....   19%         5    #####..


Dungeon Overview and Level Annotations

Branches:
Dungeon (1/1)

Altars:
Ashenzari
Cheibriados
Dithmenos
Elyvilon
Fedhas
Gozag
Hepliaklqana
Kikubaaqudgha
Makhleb
Nemelex Xobeh
Okawaru
Qazlal
Ru
Sif Muna
Trog
Uskayaw
Vehumet
Wu Jian
Xom
Yredelemnul
Zin
The Shining One
Beogh
Jiyva
Lugonu

Annotations:
D 1 transporter


Innate Abilities, Weirdness & Mutations

Your plain brown scales are hard. (AC +4)
You cannot fit into any form of body armour.
You are cold-blooded and may be slowed by cold attacks.


Message History

Unknown command.
You feel much better. The quasit closely misses you.
The quasit claws you but does no damage.
The quasit claws you. The shadow imp gestures at you.
Pain shoots through your body!
Ouch! That really hurt!
Casting: Foxfire (safe; 1% risk of failure)
Confirm with . or Enter, or press ? or * to list all spells.
You feel a surge of power!
You conjure some foxfire!
* * * LOW HITPOINT WARNING * * *
The quasit bites you but does no damage.
The quasit claws you but does no damage.
The quasit closely misses you. The shadow imp hits you.
* * * LOW HITPOINT WARNING * * *
The quasit bites you.
* * * LOW HITPOINT WARNING * * *
You feel clumsy. The quasit claws you.
You die...

▓▓▓▓▓▓▓▓▓▓▓▓▓
▓.8©8.▓.8©8.▓
▓.)):.▓.....▓
▓.....▓.[...▓
▓.....▓.....▓
▓.v...▓.....▓
▓.@5..▓..©..▓
▓.v5..▓▓▓▓▓▓▓
▓▓▓▓▓▓▓


You could see a quasit and a shadow imp.

Vanquished Creatures
  A white imp (D)
  2 ball pythons (D)
3 creatures vanquished.

Vanquished Creatures (others)
  14 foxfires (D)
14 creatures vanquished.

Grand Total: 17 creatures vanquished

Notes
Turn   | Place    | Note
-------+----------+-------------------------------------------
     0 | D        | Baz the Draconian Fire Elementalist began the quest for the
                  | Orb.
     0 | D        | Reached XP level 1. HP: 14/14 MP: 3/3
     0 | D        | Found a blossoming altar of Fedhas.
     1 | D        | Found the +6 Majin-Bo {vamp, Archmagi MP+6 Int+6}
     1 | D        | Found the +7 great mace "Firestarter" {inner flame, rF++}
     5 | D        | Found a shimmering blue altar of Sif Muna.
     5 | D        | Found a sacrificial altar of Ru.
     5 | D        | Found a bloodstained altar of Trog.
     5 | D        | Found a stormy altar of Qazlal.
     5 | D        | Found an iron altar of Okawaru.
     5 | D        | Found a sparkling altar of Nemelex Xobeh.
     7 | D        | Found a transporter.
     7 | D        | Found an ancient bone altar of Kikubaaqudgha.
     7 | D        | Found a viscous altar of Jiyva.
     7 | D        | Found a corrupted altar of Lugonu.
     7 | D        | Found a hazy altar of Hepliaklqana.
     7 | D        | Found a burning altar of Makhleb.
     7 | D        | Found an opulent altar of Gozag.
    30 | D        | Found the +9 heavy crossbow "Sniper" {vorpal, Acc+∞ SInv}
    30 | D        | Found the +10 dark maul {vorpal}
    30 | D        | Found the +15 Maxwell's patent armour {-Cast -Tele rElec
                  | MR+ rCorr}
    30 | D        | Found the +18 shield of the Gong {rElec rN+ MR+ EV-5}
    30 | D        | Found the cursed +14 obsidian axe {vorpal, +Fly SInv
                  | *Curse}
    66 | D        | Found the +6 shillelagh "Devastator" {shatter}
    66 | D        | Found the +11 plutonium sword {*Contam Stlth-}
    66 | D        | Found the +8 lance "Wyrmbane" {slay drac, rPois rF+ rC+
                  | AC+3}
    66 | D        | Found the +9 sword of Zonguldrok {reap}
    66 | D        | Found the cursed +13 scythe of Curses {drain, *Curse}
    66 | D        | Found the +0 sword of Power
    66 | D        | Found the +7 mace of Variability {chain chaos}
    66 | D        | Found the +7 Singing Sword {vorpal, sonic wave}
    66 | D        | Found the +8 storm bow {elec, penet}
    79 | D        | Became a worshipper of Vehumet
    83 | D        | Reached skill level 5 in Fire Magic
    83 | D        | Reached XP level 2. HP: 20/20 MP: 4/7
   166 | D        | Entered arena 2.
   166 | D        | Found a transporter.
   198 | D        | Entered arena 3.
   198 | D        | Found a transporter.
   203 | D        | Reached * piety under Vehumet
   203 | D        | Offered knowledge of Magic Dart by Vehumet.
   211 | D        | HP: 1/20 [quasit (3)]
   211 | D        | Slain by a quasit

Levels and vault maps discovered:
D:        sprint_v [room_start, room_1, room_2, room_3, room_4, room_5, room_6,
          room_7, room_8, room_9, room_10, room_11, room_12, room_13, room_14,
          room_15, room_16, room_17, room_18, room_19, room_20, room_21,
          room_22, room_23, room_24, room_25, room_26, room_27]

Skill      XL: |  1 |
---------------+----+-----
Spellcasting   | 4 |  4.4
Conjurations   | 4 |  4.4
Fire Magic     | 5 |  5.3
Dodging        | |  1.7
Stealth        | |  1.7
Shields        | |  0.6

Action                   || total
-------------------------++-------
 Cast: Foxfire           ||     9
  Use: Potion            ||     2
Armor: Skin              ||    10
Dodge: Dodged            ||    21

Table legend:
 A = Non-vault XP
 B = Vault XP
 C = Vault XP percentage of total XP
 D = Non-vault monster count
 E = Vault monster count
 F = Vault count percentage of total count
                 A         B        C        D         E       F
            +---------+---------+-------+---------+---------+-------
      Total |       0 |      12 | 100.0 |       0 |       3 | 100.0
            +---------+---------+-------+---------+---------+-------
          D |       0 |      12 | 100.0 |       0 |       3 | 100.0
            +---------+---------+-------+---------+---------+-------
